 Dungeon Crawl Stone Soup version 0.31-a0-986-g5e6e4ef867 (webtiles) character file.

Game seed: 14353639818395269164

168 Persephone the Chopper (level 5, 0/61 HPs)
             Began as a Demonspawn Berserker on Nov 8, 2023.
             Was a Believer of Trog.
             Succumbed to a gnoll's poison
             ... on level 3 of the Dungeon.
             The game lasted 00:03:10 (1882 turns).

Persephone the Chopper (Demonspawn Berserker)       Turns: 1882, Time: 00:03:10

Health: 0/61       AC: 13    Str: 25    XL:     5   Next: 23%
Magic:  5/5        EV: 11    Int: 11    God:    Trog [**....]
Gold:   164        SH:  0    Dex: 16    Spells: 4/4 levels left

rFire   . . .        j - +5 spear of the Bedazzling Fulmar {protect, Str+3 Int+2 SInv}
rCold   . . .        (no shield)
rNeg    . . .        l - +0 ring mail of Arocaq {Str+3 Dex+4}
rPois   .            (no helmet)
rElec   .            (no cloak)
rCorr   .            (no gloves)
SInv    +            (no boots)
Will    .....        (no amulet) Stlth
                     (no ring)
HPRegen 0.30/turn    (no ring)
MPRegen 0.09/turn

%: no passive effects
@: berserking, lethally poisoned (0 -> -7), under a protective aura, very quick
A: sharp scales 1, demonic touch 1
a: Renounce Religion, Berserk, Trog's Hand


You were on level 3 of the Dungeon.
You worshipped Trog.
Trog was pleased with you.
You visited 1 branch of the dungeon, and saw 3 of its levels.

You collected 164 gold pieces.

Inventory:

Hand Weapons
 a - a +0 hand axe
 j - the +5 spear of the Bedazzling Fulmar (weapon) {protect, Str+3 Int+2 SInv}
   (You found it on level 2 of the Dungeon)

   Str+3:     It affects your strength (+3).
   Int+2:     It affects your intelligence (+2).
   SInv:      It lets you see invisible.
Missiles
 p - 4 boomerangs
Armour
 b - a +0 animal skin
 i - a +0 ring mail
 l - the +0 ring mail of Arocaq (worn) {Str+3 Dex+4}
   (You found it on level 2 of the Dungeon)

   Str+3:     It affects your strength (+3).
   Dex+4:     It affects your dexterity (+4).
Scrolls
 d - 3 scrolls of identify {unknown}
 e - a scroll of vulnerability {unknown}
 f - a scroll of teleportation {unknown}
 h - a scroll of brand weapon {unknown}
 n - a scroll of fog {unknown}
 o - 2 scrolls of immolation {unknown}
 q - a scroll of noise {unknown}
Potions
 c - a potion of berserk rage {unknown}
 g - a potion of lignification {unknown}
 k - 2 potions of curing {unknown}
 m - 2 potions of might {unknown}


   Skills:
 - Level 3.0 Fighting
 - Level 4.8(5.1) Axes
 + Level 2.1(3.8) Polearms
 - Level 1.7 Armour
 - Level 1.7 Dodging


You had 4 spell levels left.
You didn't know any spells.
Your spell library was empty.

Dungeon Overview and Level Annotations

Branches:
Dungeon (3/15)

Altars:
Fedhas


Innate Abilities, Weirdness & Mutations

You are partially covered in razor-sharp scales. (AC +1, Slay +1)
Your touch may inflict minor irresistible damage on your foes.


Message History

The gnoll hits you from afar with a +0 halberd!
You puncture the gnoll!
The gnoll is severely wounded.
You feel sick.
You puncture the gnoll!
You kill the gnoll!
Trog accepts your kill.
You feel sick. The gnoll hits you but does no damage.
The gnoll hits you from afar with a +0 halberd!
* * * LOW HITPOINT WARNING * * *
You have reached level 5!
You puncture the adder! Your touch misses the adder.
The adder is severely wounded.
* * * LOW HITPOINT WARNING * * *
You feel sick.
You closely miss the adder.
You touch the adder.
You kill the adder!
Trog accepts your kill.
* * * LOW HITPOINT WARNING * * *
You feel sick. The gnoll closely misses you.
The gnoll hits you from afar with a +0 halberd.
* * * LOW HITPOINT WARNING * * *
You puncture the gnoll!
You touch the gnoll.
You feel the power of Trog in you as your rage grows.
You kill the gnoll!
Trog accepts your kill.
* * * LOW HITPOINT WARNING * * *
You feel sick.
Your base Polearms skill increases to level 2!
Reach: j) +5 spear of the Bedazzling Fulmar {protect, Str+3 Int+2 SInv}
Press: ? - help, Dir - move target, f - gnoll
Aim: a gnoll, wielding a +0 halberd (about 27% to evade the +5 spear of the Bedazzling Fulmar)
You reach to attack!
You impale the gnoll!!
You kill the gnoll!
Trog accepts your kill.
* * * LOW HITPOINT WARNING * * *
You feel sick.
You are too berserk!
Okay, then.
You die...

#.#+#.#########.##...##
.. #...# #.#..## #.#
#####....#
#.###........#
#.#...######.....
#...### ##≈≈# ###..##
## #....# #.@).#
#.8.8))### #.....).
.........# ...##.#...
.. ....... . ##.###..
.# ##.


There were no monsters in sight!

Vanquished Creatures
  8 gnolls
  3 adders
  A worm (D:3)
  2 dart slugs (D:1)
  3 orcs (D:3)
  4 ball pythons (D:1)
  5 bats
  5 endoplasms
  3 giant cockroaches
  4 goblins
  7 hobgoblins
  A quokka (D:1)
  5 frilled lizards
  4 kobolds
  5 rats
60 creatures vanquished.

Notes
Turn   | Place    | Note
-------+----------+-------------------------------------------
     0 | D:1      | Persephone the Demonspawn Berserker began the quest for the
                  | Orb.
     0 | D:1      | Reached XP level 1. HP: 18/18 MP: 1/1
    38 | D:1      | Reached skill level 3 in Axes
   103 | D:1      | Gained mutation: Your touch may inflict minor irresistible
                  | damage on your foes. [demonic ancestry]
   103 | D:1      | Reached XP level 2. HP: 20/24 MP: 2/2
   365 | D:1      | Gained mutation: You are partially covered in razor-sharp
                  | scales. (AC +1, Slay +1) [demonic ancestry]
   365 | D:1      | Reached XP level 3. HP: 18/29 MP: 3/3
   467 | D:1      | Reached skill level 4 in Axes
   518 | D:1      | Reached ** piety under Trog
   745 | D:2      | Identified the +5 spear of the Bedazzling Fulmar {protect,
                  | Str+3 Int+2 SInv}
   825 | D:2      | Reached XP level 4. HP: 30/35 MP: 4/4
  1011 | D:2      | Identified the +0 ring mail of Arocaq {Str+3 Dex+4}
  1046 | D:2      | Found a blossoming altar of Fedhas.
  1736 | D:3      | Reached skill level 1 in Polearms
  1878 | D:3      | Reached XP level 5. HP: 12/41 MP: 5/5
  1880 | D:3      | HP: 3/61 [poisoned by a gnoll]
  1882 | D:3      | Succumbed to a gnoll's poison

Illustrated notes

Levels and vault maps discovered:
D:1:      amcnicky_arrival_double_pillar, layout_basic, corexii_hall_statues_l
D:2:      layout_basic, basic_altar
D:3:      layout_rooms, lightli_temple_of_fire, nemelex_spade_bored_becter,
          dreamdust_ecumenical_altar_angels_and_demons, minivault_25,
          nicolae_titane, uniq_terence

Skill      XL: |  1  2  3  4  5 |
---------------+----------------+-----
Axes           | 3 4 |  4.8
Polearms       | 1 2 |  2.1
Fighting       | |  3.0
Armour         | |  1.7
Dodging        | |  1.7

Action                     |  1- 3 |  4- 6 || total
---------------------------+-------+-------++-------
  Melee: Hand axe          |    70 |       ||    70
         Touch             |     7 |     6 ||    13
         Spear             |     6 |    54 ||    60
 Invoke: Berserk           |       |     1 ||     1
 Armour: Animal skin       |    21 |       ||    21
         Ring mail         |    15 |    25 ||    40
  Dodge: Dodged            |    42 |    20 ||    62

Table legend: (Time is in decaauts)
 A = Elapsed time spent in this place.
 B = Non-inter-level travel time spent in this place.
 C = Inter-level travel time spent in this place.
 D = Time resting spent in this place.
 E = Time spent auto-exploring this place.
 F = Levels seen in this place.
 G = Mean time per level.
                   A        B        C        D        E       F      G
               +--------+--------+--------+--------+--------+-----+--------+
         Total |   1884 |   1793 |     91 |      0 |   1464 |   3 |  628.0 |
       Dungeon |   1884 |   1793 |     91 |      0 |   1464 |   3 |  628.0 |
               +--------+--------+--------+--------+--------+-----+--------+

Top non-repeatable levels by time:
     D:2: 934 daAuts
     D:1: 681 daAuts
     D:3: 268 daAuts
